 Dungeon Sprint DCSS version 0.30-a0-800-g7c544603b3 (webtiles) character file.

Game seed: 588671509729809581

4900000 BigDaddyOpFi the Intangible (level 23, -5/201 HPs)
             Began as a Djinni Necromancer on Feb 22, 2023.
             Was the Champion of Makhleb.
             Slain by a meat berserker
             ... wielding a +9 battleaxe
              (80 damage)
             ... in the Dungeon (Sprint VIII: "Arena of Blood").
             The game lasted 00:01:17 (49 turns).

BigDaddyOpFi the Intangible (Djinni Necromancer)      Turns: 49, Time: 00:01:18

Health: -5/201     AC:  4    Str:  7    XL:     23   Next: 53%
Gold:   0          EV: 37    Int: 18    God:    Makhleb [******] SH:  0 Dex: 24

rFire   + + .      SeeInvis .    g - +∞ Axe of Woe
rCold   x . .      Faith    .    (shield currently unavailable)
rNeg    . . .      Spirit   .    a - +0 robe
rPois   ∞          Reflect  .    (no helmet)
rElec   .          Harm     .    (no cloak)
rCorr   .          Rampage  .    (no gloves)
Will    ++...      NoTele   +    (boots unavailable)
Stlth   ++++++++++               (no amulet)
HPRegen 0.53/turn                (no ring)
MPRegen 0.00/turn                (no ring)

@: animating dead, flying
A: sickness immunity, fire resistance 2, cold vulnerability 1, float, innate
caster, HP casting, extra vitality 1
a: Renounce Religion, Minor Destruction, Lesser Servant of Makhleb, Major
Destruction, Greater Servant of Makhleb


You were in the Dungeon.
You worshipped Makhleb.
Makhleb was exalted by your worship.
You visited 1 branch

Inventory:

Hand Weapons
 g - the +∞ Axe of Woe (weapon)
   (You found it in the Dungeon)
Armour
 a - a +0 robe (worn)
Scrolls
 f - a scroll of blinking
Potions
 b - a potion of curing
 d - a potion of haste
 e - a potion of berserk rage


   Skills:
 O Level 27 Fighting
 O Level 27 Axes
 + Level 17.4(24.1) Maces & Flails
 + Level 17.4(24.1) Polearms
 O Level 27 Armour
 O Level 27 Dodging
 O Level 27 Stealth
 O Level 27 Unarmed Combat
 O Level 27 Spellcasting
 O Level 27 Invocations


You knew the following spells:

 Your Spells              Type           Power      Damage    Failure   Level
a - Necrotise             Necr           100%       1d9       0%          1
b - Vampiric Draining     Necr           88%        2d12      0%          3
c - Animate Dead          Necr           88%        N/A       0%          4
d - Agony                 Necr           88%        N/A       0%          5
e - Slow                  Hex            100%       N/A       0%          1
f - Call Imp              Summ           88%        N/A       0%          2
g - Scorch                Fire           100%       2d10      0%          2
h - Spider Form           Tmut/Pois      88%        N/A       0%          3
i - Blade Hands           Tmut           44%        N/A       0%          5
j - Lightning Bolt        Conj/Air       44%        1d63      0%          5
k - Simulacrum            Ice/Necr       44%        N/A       0%          6
l - Orb of Destruction    Conj           44%        9d12      1%          7
m - Storm Form            Tmut/Air       44%        N/A       1%          7
n - Monstrous Menagerie   Summ           44%        N/A       1%          7
o - Disjunction           Tloc           44%        N/A       1%          8
Your spell library was empty.

Dungeon Overview and Level Annotations

Branches:
Dungeon (1/1)

Altars:
Makhleb


Innate Abilities, Weirdness & Mutations

You are immune to sickness and miasma.
You are immune to poison.
Your flesh is very heat resistant. (rF++)
You are vulnerable to cold. (rC-)
You float through the air rather than walking.
You learn spells naturally, not from books.
Your magical power is your life essence.
You have superior vitality. (+4 MHP)


Message History

The meat berserker hits your meat berserker zombie with a +9 battleaxe!!!
Your meat berserker zombie is smitten.
The destroyer casts a spell at you.
The destroyer blinks!
You hear a shout! x2
The eight-headed meat hydra calls on the powers of darkness!
The eight-headed meat hydra convulses!
The meat berserker convulses! x5
The bag of meat convulses!
Your body is wracked with pain!
The meat berserker convulses!
The bag of meat convulses!
The meat berserker hits your meat berserker zombie with a +9 battleaxe!
The meat berserker hits your meat berserker zombie with a +9 battleaxe!!!
You hear a shout! x3
Your base Maces & Flails skill gained 8 levels and is now at level 17!
Your base Polearms skill gained 8 levels and is now at level 17!
Unknown command.
You hear a shout! x2
Something hits your meat berserker zombie!!!
A bag of meat comes into view. It is wielding a +9 war axe.
You hear a shout! x2
The meat berserker hits your meat berserker zombie with a +9 battleaxe!!!
A meat berserker comes into view. It is wielding a +9 battleaxe.
The meat berserker rages.
The eight-headed meat hydra calls on the powers of darkness!
The eight-headed meat hydra convulses!
The meat berserker convulses! x6
Your body is wracked with pain!
* * * LOW HITPOINT WARNING * * *
The bag of meat convulses! x3
The meat berserker hits your meat berserker zombie with a +9 battleaxe!!!
Your meat berserker zombie is destroyed!
The meat berserker shouts! x4; You hear a shout! x3
You feel much better.
You hear a shout!
The meat berserker rages.
You hear a shout! x5
A bag of meat comes into view. It is wielding a +9 war axe. x3
You hear a shout!
The meat berserker completely misses you.
You hear a shout! x3
The meat berserker hits you with a +9 battleaxe!!!!
You die...

...... .. .....
#. ....# #.. .O.#
o. .###..
.O.###oo.
......###OOO.o...
......_))OODV...
#...))# #_.O@_#
#..)OV#
......_.....
......###..o...
.###.. ...###..
#.. ..o# . #.
...# .. .....


You could see a destroyer, 9 meat berserkers and 6 bags of meat.

Vanquished Creatures
  9 vampire knights (D)
  11 ogres (D)
  2 two-headed ogres (D)
  A lich (D)
  15 orcs (D)
38 creatures vanquished.

Vanquished Creatures (others)
  An ogre zombie (D)
1 creature vanquished.

Grand Total: 39 creatures vanquished

Notes
Turn   | Place    | Note
-------+----------+-------------------------------------------
     0 | D        | Found the +∞ Axe of Woe
     0 | D        | BigDaddyOpFi the Djinni Necromancer began the quest for the
                  | Orb.
     0 | D        | BigDaddyOpFi set off with the following spells memorised:
                  | Necrotise, Vampiric Draining, Animate Dead, Agony.
     0 | D        | Reached XP level 1. HP: 15/15 MP: 0/0
     1 | D        | Noticed a meat berserker
     3 | D        | Noticed a bag of meat
     3 | D        | Noticed a bag of meat
     4 | D        | Killed a meat berserker
     4 | D        | Noticed a bag of meat
     5 | D        | Reached XP level 2. HP: 21/21 MP: 0/0
     5 | D        | Reached XP level 3. HP: 25/25 MP: 0/0
     5 | D        | Learned a level 1 spell: Slow
     5 | D        | Reached XP level 4. HP: 31/31 MP: 0/0
     5 | D        | Reached XP level 5. HP: 35/35 MP: 0/0
     5 | D        | Learned a level 2 spell: Call Imp
     5 | D        | Reached XP level 6. HP: 40/40 MP: 0/0
     5 | D        | Reached XP level 7. HP: 45/45 MP: 0/0
     5 | D        | Learned a level 2 spell: Scorch
     5 | D        | Reached XP level 8. HP: 50/50 MP: 0/0
     5 | D        | Reached XP level 9. HP: 55/55 MP: 0/0
     5 | D        | Learned a level 3 spell: Spider Form
     5 | D        | Reached XP level 10. HP: 60/60 MP: 0/0
     5 | D        | Reached XP level 11. HP: 65/65 MP: 0/0
     5 | D        | Learned a level 5 spell: Blade Hands
     5 | D        | Reached XP level 12. HP: 70/70 MP: 0/0
     5 | D        | Became a worshipper of Makhleb the Destroyer
     5 | D        | Noticed a bag of meat
     6 | D        | Noticed a bag of meat
     9 | D        | Killed a bag of meat
     9 | D        | Killed a bag of meat
     9 | D        | Reached * piety under Makhleb
     9 | D        | Noticed a meat berserker
    10 | D        | Reached skill level 5 in Axes
    10 | D        | Reached XP level 13. HP: 88/88 MP: 0/0
    10 | D        | Learned a level 5 spell: Lightning Bolt
    10 | D        | Killed a bag of meat
    10 | D        | Noticed a meat berserker
    11 | D        | Reached skill level 15 in Spellcasting
    11 | D        | Reached XP level 14. HP: 97/97 MP: 0/0
    11 | D        | Killed a bag of meat
    12 | D        | Noticed a bag of meat
    12 | D        | Noticed a meat berserker
    13 | D        | Killed a meat berserker
    13 | D        | Reached ** piety under Makhleb
    14 | D        | Reached skill level 10 in Fighting
    14 | D        | Reached skill level 10 in Armour
    14 | D        | Reached skill level 10 in Unarmed Combat
    14 | D        | Reached skill level 10 in Invocations
    14 | D        | Reached XP level 15. HP: 60/109 MP: 0/0
    14 | D        | Learned a level 6 spell: Simulacrum
    14 | D        | Killed a meat berserker
    15 | D        | Reached skill level 10 in Axes
    15 | D        | Noticed a meat berserker
    16 | D        | Killed a meat berserker
    17 | D        | Reached XP level 16. HP: 68/121 MP: 0/0
    17 | D        | Killed a meat berserker
    17 | D        | Reached *** piety under Makhleb
    19 | D        | Noticed a meat berserker
    20 | D        | Noticed a large bag of meat
    22 | D        | Reached skill level 15 in Unarmed Combat
    22 | D        | Reached XP level 17. HP: 112/130 MP: 0/0
    22 | D        | Learned a level 7 spell: Orb of Destruction
    22 | D        | Killed a large bag of meat
    22 | D        | Reached **** piety under Makhleb
    22 | D        | Killed a meat berserker
    22 | D        | Noticed a destroyer
    22 | D        | Noticed a large bag of meat
    23 | D        | Noticed a meat berserker
    23 | D        | Noticed a meat berserker
    23 | D        | Noticed a destroyer
    25 | D        | Killed a large bag of meat
    25 | D        | Noticed a meat berserker
    25 | D        | Noticed a destroyer
    26 | D        | Reached XP level 18. HP: 128/143 MP: 0/0
    26 | D        | Killed a destroyer
    26 | D        | Killed a meat berserker
    26 | D        | Reached ***** piety under Makhleb
    27 | D        | Killed a meat berserker
    27 | D        | Noticed a meat berserker
    28 | D        | Reached skill level 27 in Dodging
    28 | D        | Reached XP level 19. HP: 143/154 MP: 0/0
    28 | D        | Learned a level 7 spell: Storm Form
    29 | D        | Killed a meat berserker
    29 | D        | Killed a meat berserker
    29 | D        | Killed a destroyer
    29 | D        | Reached ****** piety under Makhleb
    29 | D        | Noticed a destroyer
    30 | D        | Reached XP level 20. HP: 161/168 MP: 0/0
    34 | D        | Killed a destroyer
    35 | D        | Reached XP level 21. HP: 176/180 MP: 0/0
    35 | D        | Learned a level 7 spell: Monstrous Menagerie
    36 | D        | Reached skill level 27 in Stealth
    36 | D        | Noticed a destroyer
    36 | D        | Noticed a destroyer
    36 | D        | Noticed a destroyer
    36 | D        | Noticed an eight-headed meat hydra
    37 | D        | Killed a destroyer
    37 | D        | Noticed a meat berserker
    38 | D        | Noticed a destroyer
    40 | D        | Killed a destroyer
    40 | D        | Noticed a destroyer
    41 | D        | Reached XP level 22. HP: 168/193 MP: 0/0
    41 | D        | Noticed a meat berserker
    41 | D        | Noticed a tyrant
    42 | D        | Killed a destroyer
    42 | D        | Killed a destroyer
    42 | D        | Killed a meat berserker
    42 | D        | Noticed a large bag of meat
    42 | D        | Noticed a meat berserker
    43 | D        | Reached skill level 27 in Fighting
    43 | D        | Reached skill level 27 in Axes
    43 | D        | Reached skill level 27 in Armour
    43 | D        | Reached skill level 27 in Unarmed Combat
    43 | D        | Reached skill level 27 in Spellcasting
    43 | D        | Reached skill level 27 in Invocations
    43 | D        | Noticed a meat berserker
    44 | D        | Noticed a meat berserker
    44 | D        | Noticed a meat berserker
    45 | D        | Noticed a destroyer
    45 | D        | Killed a tyrant
    45 | D        | Noticed a meat berserker
    46 | D        | Reached XP level 23. HP: 201/201 MP: 0/0
    46 | D        | Learned a level 8 spell: Disjunction
    47 | D        | Killed a destroyer
    47 | D        | Killed a destroyer
    49 | D        | Slain by a meat berserker

Illustrated notes

Levels and vault maps discovered:
D:        meatsprint

Skill      XL: |  1  2  3  4  5  6  7  8  9 10 11 12 13 14 15 16 17 18 19 20 21 22 23 |
---------------+----------------------------------------------------------------------+-----
Dodging        | 18 20 21 22 24 25 27 | 27.0
Stealth        | 16 17 18 19 20 21 23 25 26 27 | 27.0
Spellcasting   | 14 15 16 17 19 20 21 23 24 27 | 27.0
Fighting       | 6 7 10 13 14 17 19 22 24 26 27 | 27.0
Axes           | 5 6 8 11 12 14 16 19 21 22 27 | 27.0
Armour         | 6 7 10 13 14 17 19 22 24 26 27 | 27.0
Unarmed Combat | 6 7 10 13 15 17 19 22 24 26 27 | 27.0
Invocations    | 6 7 10 13 14 17 19 22 24 26 27 | 27.0
Maces & Flails | 9 17 | 17.4
Polearms       | 9 17 | 17.4

Action                     |  1- 3 |  4- 6 |  7- 9 | 10-12 | 13-15 | 16-18 | 19-21 | 22-24 || total
---------------------------+-------+-------+-------+-------+-------+-------+-------+-------++-------
  Melee: Executioner's axe |     1 |       |       |     1 |     5 |     6 |    10 |     3 ||    26
   Cast: Simulacrum        |       |       |       |       |       |     1 |       |       ||     1
         Animate Dead      |       |       |       |       |       |       |     1 |       ||     1
    Use: Potion            |       |       |       |       |       |       |       |     1 ||     1
  Dodge: Dodged            |       |       |       |       |     1 |       |       |     1 ||     2

Table legend: (Time is in decaauts)
 A = Elapsed time spent in this place.
 B = Non-inter-level travel time spent in this place.
 C = Inter-level travel time spent in this place.
 D = Time resting spent in this place.
 E = Time spent auto-exploring this place.
 F = Levels seen in this place.
 G = Mean time per level.
                   A        B        C        D        E       F      G
               +--------+--------+--------+--------+--------+-----+--------+
         Total |     52 |     52 |      0 |      0 |      0 |   1 |   52.0 |
       Dungeon |     52 |     52 |      0 |      0 |      0 |   1 |   52.0 |
               +--------+--------+--------+--------+--------+-----+--------+

Top non-repeatable levels by time:
       D: 52 daAuts
